 Dungeon Crawl Stone Soup version 0.17.1-1-g73c8601 (console) character file.

6216 Kloppie the Cleaver (level 10, -2/97 HPs)
             Began as a Hill Orc Fighter on Dec 12, 2015.
             Was a Believer of Elyvilon.
             Slain by an eight-headed hydra (11 damage)
             ... on level 1 of the Lair of Beasts.
             The game lasted 00:17:50 (10311 turns).

Kloppie the Cleaver (Hill Orc Fighter)             Turns: 10311, Time: 00:17:50

Health: -2/97      AC: 14    Str: 20    XL:     10   Next: 92%
Magic:  17/17      EV:  7    Int:  8    God:    Elyvilon [**....]
Gold:   461        SH: 10    Dex: 13    Spells: 0 memorised, 9 levels left

rFire  . . .     SeeInvis .     a - +1 war axe (elec)
rCold  . . .     Clarity  .     b - +0 scale mail
rNeg   + . .     SustAt   .     c - +0 shield
rPois  +         Gourm    .     y - +2 helmet
rElec  .         Spirit   .     (no cloak)
rCorr  .         Warding  +     C - +0 pair of gloves
rMut   .         Stasis   .     o - +1 pair of boots
MR     +....                    u - amulet of warding
Stlth  ..........               d - ring of poison resistance
                                z - ring of protection from magic

@: somewhat resistant to hostile enchantments, extremely unstealthy
A: no striking features
a: Lesser Healing, Heal Other, Divine Protection, Renounce Religion


You were on level 1 of the Lair of Beasts.
You worshipped Elyvilon.
Elyvilon was pleased with you.
You were hungry.

You visited 3 branches of the dungeon, and saw 12 of its levels.

You collected 552 gold pieces.
You spent 91 gold pieces at shops.

Inventory:

Hand Weapons
 a - a +1 war axe of electrocution (weapon)
 k - a +3 war axe
Armour
 b - a +0 scale mail (worn)
 c - a +0 shield (worn)
 o - a +1 pair of boots (worn)
 y - a +2 helmet (worn)
 C - a +0 pair of gloves (worn)
 F - a +0 plate armour
Jewellery
 d - a ring of poison resistance (right hand)
 m - an uncursed amulet of faith
 u - an amulet of warding (around neck)
 z - a ring of protection from magic (left hand)
 I - an uncursed ring of positive energy
Wands
 n - a wand of confusion (23)
 v - a wand of polymorph (1)
 x - a wand of confusion (22)
Scrolls
 f - 3 scrolls of remove curse
 g - 2 scrolls of teleportation
 h - 3 scrolls of identify
 i - 2 scrolls of immolation
 q - 3 scrolls of enchant weapon
 s - a scroll of recharging
 G - 3 scrolls of enchant armour
Potions
 j - a potion of resistance
 l - a potion of lignification
 p - a potion of cancellation
 r - a potion of curing
 w - a potion of cure mutation
 A - a potion of flight
 H - a potion of ambrosia
Books
 t - a book of Envenomations

   Spells                             Type                      Level
   a - Spider Form                    Transmutation/Poison         3
   b - Alistair's Intoxication        Transmutation/Poison         4
   c - Olgreb's Toxic Radiance        Poison                       4
   d - Poisonous Cloud                Conjuration/Poison/Air       6
Miscellaneous
 L - an ornate deck of defence
Comestibles
 e - 6 bread rations
 B - a meat ration
 J - 8 slices of pizza


   Skills:
 - Level 11.7 Fighting
 - Level 11.8 Axes
 + Level 5.2 Armour
 + Level 5.4 Shields
 - Level 10.0 Invocations


You had 9 spell levels left.
You didn't know any spells.

Dungeon Overview and Level Annotations

Branches:
Dungeon (10/15)            Temple (1/1) D:4            Lair (1/8) D:8
    Orc: D:9-12

Altars:
Ashenzari
Cheibriados
Dithmenos
Elyvilon
Fedhas
Gozag
Kikubaaqudgha
Makhleb
Nemelex Xobeh
Okawaru
Qazlal
Ru
Sif Muna
Trog
Vehumet
Xom
Yredelemnul
Zin
The Shining One

Shops:
D:4 =   D:5 (   D:7 :   D:9 ?}

Portals:
Trove: D:10 (lose all piety)

Annotations:
D:2 exclusion: oklob plant
D:6 exclusion: oklob plant


Message History

* * * LOW HITPOINT WARNING * * *
You block the eight-headed hydra's attack.
The eight-headed hydra bites you!
* * * LOW HITPOINT WARNING * * *
The eight-headed hydra bites you but does no damage.
The eight-headed hydra bites you.
* * * LOW HITPOINT WARNING * * *
The blink frog hits you!
* * * LOW HITPOINT WARNING * * *
The blink frog blinks! x2
You are too injured to fight recklessly!
You are too injured to fight recklessly!
The eight-headed hydra bites you but does no damage.
You block the eight-headed hydra's attack. x2
The eight-headed hydra bites you but does no damage.
The eight-headed hydra barely misses you.
The eight-headed hydra bites you.
* * * LOW HITPOINT WARNING * * *
The eight-headed hydra bites you!
You die...

.................. .
##P....###..#P......
##.
##....####.##P....#
.... #.....##..#
#....##....
#.........###...##....
#....###..#.P..##..§#
#.....###.......#.F..#
##.....#....#...#F.#
#....###......@FF.#
......# ######.#D†⌠#
...... #.#...# #.##..#
... .... ... ....#
...........
......##... ###....


You could see an eight-headed hydra, 3 blink frogs and a giant frog.

Vanquished Creatures
  A hill giant (D:9)
  Prince Ribbit (D:9)
  A blink frog (Lair:1)
  A human (D:8)
  A hippogriff (D:9)
  Menkaure (D:4)
  2 steam dragons (D:9)
  2 wargs (D:8)
  Duvessa (D:7)
  4 phantoms
  A porcupine (Lair:1)
  A black bear (D:9)
  An ice beast (D:8)
  3 ogres (D:4)
  2 centaurs
  3 orc warriors
  6 big kobolds
  A crocodile (D:8)
  3 giant frogs
  A gnoll sergeant (D:7)
  3 scorpions
  Dowan (D:7)
  10 killer bees (D:8)
  4 crimson imps
  2 centaur zombies
  A giant frog zombie (D:4)
  5 wights (D:7)
  A centaur skeleton (D:8)
  4 hounds
  2 jellies
  5 orc wizards
  6 orc priests
  A giant frog skeleton (D:5)
  Terence (D:3)
  3 iguanas
  4 worker ants
  2 worker ant zombies (D:5)
  Robin (D:3)
  8 adders
  14 gnolls
  4 shadow imps
  2 adder skeletons
  5 worms
  3 giant geckos
  18 orcs
  A ball python (D:2)
  2 bat zombies (D:8)
  7 giant cockroaches
  37 hobgoblins
  10 bats
  A giant cockroach zombie (D:5)
  6 giant newts
  38 goblins
  16 jackals
  A jackal skeleton (D:4)
  A jackal zombie (D:6)
  16 kobolds
  5 quokkas
  A quokka skeleton (D:6)
  A quokka zombie (D:6)
  4 rats
  A rat zombie (D:8)
  2 plants (D:7)
297 creatures vanquished.

Notes
Turn   | Place    | Note
--------------------------------------------------------------
     0 | D:1      | Kloppie the Hill Orc Fighter began the quest for the Orb.
     0 | D:1      | Reached XP level 1. HP: 19/19 MP: 1/1
    93 | D:1      | Reached XP level 2. HP: 25/27 MP: 2/2
   103 | D:1      | Reached skill level 4 in Fighting
   589 | D:1      | Reached XP level 3. HP: 30/34 MP: 3/3
  1381 | D:2      | Found a blossoming altar of Fedhas.
  1457 | D:2      | Noticed an oklob plant
  1581 | D:2      | Reached XP level 4. HP: 39/41 MP: 4/4
  1616 | D:2      | Reached skill level 5 in Fighting
  2090 | D:3      | Reached XP level 5. HP: 47/49 MP: 5/5
  2221 | D:3      | Noticed Robin
  2224 | D:3      | Noticed Terence
  2242 | D:3      | Killed Terence
  2242 | D:3      | Reached skill level 5 in Axes
  2244 | D:3      | Killed Robin
  2456 | D:3      | Reached skill level 6 in Fighting
  2620 | D:4      | Noticed Menkaure
  2680 | D:4      | Noticed an ogre
  2689 | D:4      | HP: 1/50 [ogre/giant club (28)]
  2690 | D:4      | Killed an ogre
  2690 | D:4      | Reached XP level 6. HP: 1/58 MP: 6/6
  2700 | D:5      | Entered Level 5 of the Dungeon
  2954 | D:5      | Reached skill level 7 in Fighting
  3145 | D:5      | Found a basalt altar of Yredelemnul.
  3178 | D:5      | Reached XP level 7. HP: 66/66 MP: 7/7
  3259 | D:5      | Found Uneproask's Antique Weapon Shoppe.
  3743 | D:6      | Reached skill level 8 in Fighting
  3870 | D:6      | Found a shimmering altar of Xom.
  3870 | D:6      | Noticed an oklob plant
  4090 | D:6      | Reached XP level 8. HP: 43/75 MP: 8/8
  4469 | D:6      | Reached skill level 9 in Fighting
  5655 | D:7      | Noticed Duvessa
  5656 | D:7      | Noticed Dowan
  5663 | D:7      | Killed Dowan
  5663 | D:7      | Killed Duvessa
  5695 | D:7      | Found Wepsib's Book Shoppe.
  5826 | D:7      | Found a snail-covered altar of Cheibriados.
  5895 | D:7      | Found a shattered altar of Ashenzari.
  5928 | D:7      | Reached skill level 10 in Fighting
  5996 | D:7      | Reached skill level 10 in Axes
  6093 | D:7      | Found a bloodstained altar of Trog.
  6094 | D:7      | Found a deep blue altar of Sif Muna.
  6096 | D:7      | Found a glowing silver altar of Zin.
  6097 | D:7      | Found a blossoming altar of Fedhas.
  6219 | D:7      | Found a sacrificial altar of Ru.
  6331 | D:4      | Killed Menkaure
  6331 | D:4      | Reached XP level 9. HP: 27/86 MP: 9/9
  7000 | D:4      | Reached skill level 11 in Fighting
  7095 | D:4      | Found Gakhlo's Jewellery Shop.
  7101 | D:4      | Bought a cursed -3 ring of slaying for 28 gold pieces
  7101 | D:4      | Bought a cursed ring of loudness for 63 gold pieces
  7162 | D:4      | Noticed an ogre
  7168 | D:4      | Killed an ogre
  7229 | D:4      | Found a staircase to the Ecumenical Temple.
  7238 | Temple   | Entered the Ecumenical Temple
  7290 | Temple   | Became a worshipper of Elyvilon the Healer
  7415 | D:4      | Found a sparkling altar of Nemelex Xobeh.
  7786 | D:8      | Found a staircase to the Lair.
  7809 | D:8      | Reached XP level 10. HP: 48/97 MP: 10/10
  8088 | D:8      | Reached skill level 5 in Shields
  8097 | D:8      | Found an ancient bone altar of Kikubaaqudgha.
  8335 | D:8      | Reached skill level 5 in Invocations
  8339 | D:8      | Reached * piety under Elyvilon
  8779 | D:8      | You fall through a shaft!
  9006 | D:9      | Noticed a hill giant
  9015 | D:9      | Killed a hill giant
  9089 | D:9      | Found Metta's Quality Used Wands.
  9112 | D:9      | Noticed Prince Ribbit
  9126 | D:9      | Killed Prince Ribbit
  9228 | D:9      | Found an opulent altar of Gozag.
  9241 | D:9      | Reached ** piety under Elyvilon
  9325 | D:9      | Found Sesmap's Magic Scroll Shoppe.
  9678 | D:10     | Entered Level 10 of the Dungeon
  9723 | D:10     | Found a portal to a secret trove of treasure.
 10106 | Lair:1   | Entered Level 1 of the Lair of Beasts
 10117 | Lair:1   | Reached skill level 10 in Invocations
 10259 | Lair:1   | Reached skill level 5 in Armour
 10304 | Lair:1   | Noticed a seven-headed hydra
 10311 | Lair:1   | Slain by an eight-headed hydra

Action                   |  1- 3 |  4- 6 |  7- 9 | 10-12 || total
-------------------------+-------+-------+-------+-------++-------
Melee: War axe           |   135 |   169 |   342 |   182 ||   828
  Use: Scroll            |       |       |    16 |     5 ||    21
       Potion            |       |       |     1 |     1 ||     2
  Eat: Chunk             |     2 |     6 |     7 |     7 ||    22
       Meat ration       |       |       |     1 |       ||     1
       Beef jerky        |       |       |     1 |       ||     1
       Fruit             |       |       |       |     2 ||     2
